 Dungeon Crawl Stone Soup version 0.29.1-1-gd02db6906a (console) character file.

Game seed: 13929870214571327632

4 sentinel the Digger (level 2, 20/20 HPs)
             Began as a Meteoran Earth Elementalist on Oct 14, 2022.
             Quit the game on level 1 of the Dungeon.
             The game lasted 00:00:05 (153 turns).

sentinel the Digger (Meteoran Earth Elementalist)    Turns: 153, Time: 00:00:05

Health: 20/20      AC:  2    Str:  9    XL:     2   Next: 0%
Magic:  6/6        EV: 12    Int: 16    God:
Gold:   0          SH:  0    Dex: 14    Spells: 5/6 levels left

rFire   . . .      SeeInvis .   (no weapon)
rCold   . . .      Faith    .   (no shield)
rNeg    . . .      Spirit   .   a - +0 robe
rPois   .          Reflect  .   (no helmet)
rElec   .          Harm     .   (no cloak)
rCorr   .          Rampage  .   (no gloves)
Will    .....                   (no boots)
Stlth   +.........              (no amulet)
HPRegen 0.06/turn               (no ring)
MPRegen 0.10/turn               (no ring)

@: glowing
A: sense surroundings 1, otherworldly, glowing, explore regen
a: no special abilities


You were on level 1 of the Dungeon.
You visited 1 branch of the dungeon, and saw 1 of its levels.

Inventory:

Armour
 a - a +0 robe (worn)
Scrolls
 c - a scroll of brand weapon {unknown}
Potions
 b - a potion of magic


   Skills:
 - Level 2.4 Dodging
 - Level 1.4 Stealth
 - Level 2.6 Spellcasting
 - Level 1.2 Transmutations
 + Level 4.1 Earth Magic


You had 5 spell levels left.
You knew the following spells:

 Your Spells              Type           Power      Damage    Failure   Level
a - Sandblast             Erth           30%        2d9       3%          1

Your spell library contained the following spells:

 Spells                   Type           Power      Damage    Failure   Level
 Passwall                 Tmut/Erth      8%         N/A       10%         2
 Stone Arrow              Conj/Erth      16%        3d8       26%         3
 Petrify                  Tmut/Erth      10%        N/A       54%         4


Dungeon Overview and Level Annotations

Branches:
Dungeon (1/15) Zot: 441

Altars:


Innate Abilities, Weirdness & Mutations

You passively map a small area around you.
You are easily found by Zot.
You glow in the dark.
You regain HP and MP as you explore.


Message History

There is an open door here.
A ball python comes into view.
Found a scroll labelled GYUG GIANNAMAZEFF and 4 gold pieces.
The ball python hisses angrily.
The blast of sand hits the rat!
You kill the rat!
Unknown command.
The blast of sand hits the ball python!
You kill the ball python!
Unknown command.
You can't see any susceptible monsters within range! (Use Z to cast anyway.) Unknown command.
You can't see any susceptible monsters within range! (Use Z to cast anyway.) Unknown command.
No target in view!
No target in view!
You can't see any susceptible monsters within range! (Use Z to cast anyway.) Unknown command.
You can't see any susceptible monsters within range! (Use Z to cast anyway.) Unknown command.
You can't see any susceptible monsters within range! (Use Z to cast anyway.) Unknown command.
You can't see any susceptible monsters within range! (Use Z to cast anyway.) Unknown command.
No target in view!
No target in view!
You can't see any susceptible monsters within range! (Use Z to cast anyway.) Unknown command.
You can't see any susceptible monsters within range! (Use Z to cast anyway.) Unknown command.
You can't see any susceptible monsters within range! (Use Z to cast anyway.) Unknown command.
You can't see any susceptible monsters within range! (Use Z to cast anyway.) Unknown command.
Magic restored. 2 bats come into view.
Unknown command.
But you're not safe!
Unknown command.
But you're not safe!
Unknown command.
But you're not safe!
Unknown command.
But you're not safe!
Unknown command.
The blast of sand hits the bat!
You kill the bat!
The bat hits you but does no damage.
You miss the bat. The bat closely misses you.
You miscast Sandblast.
You are very lightly contaminated with residual magic.
Nothing appears to happen.
The bat hits you but does no damage.
Unknown command.
The blast of sand hits the bat!
You kill the bat!
Unknown command.
You can't see any susceptible monsters within range! (Use Z to cast anyway.) Unknown command.
You can't see any susceptible monsters within range! (Use Z to cast anyway.) Unknown command.
No target in view!
No target in view!
You can't see any susceptible monsters within range! (Use Z to cast anyway.) Unknown command.
You can't see any susceptible monsters within range! (Use Z to cast anyway.) Unknown command.
You can't see any susceptible monsters within range! (Use Z to cast anyway.) Unknown command.
You can't see any susceptible monsters within range! (Use Z to cast anyway.) Unknown command.
No target in view!
No target in view!
You can't see any susceptible monsters within range! (Use Z to cast anyway.) Unknown command.
You can't see any susceptible monsters within range! (Use Z to cast anyway.) Unknown command.
You can't see any susceptible monsters within range! (Use Z to cast anyway.) Unknown command.
You can't see any susceptible monsters within range! (Use Z to cast anyway.) Unknown command.
You start waiting.
Your magical contamination has completely faded away.
Unknown command.
c - a scroll labelled GYUG GIANNAMAZEFF Unknown command.
You open the door.
A hobgoblin comes into view.
The hobgoblin shouts!
Found 12 gold pieces.
Found an escape hatch in the floor.
Unknown command.
But you're not safe!
Unknown command.
But you're not safe!
Unknown command.
The blast of sand hits the hobgoblin but does no damage.
The blast of sand hits the hobgoblin.
You kill the hobgoblin!
Your Earth Magic skill increases to level 4!
You have reached level 2!
You can't see any susceptible monsters within range! (Use Z to cast anyway.) Unknown command.
You can't see any susceptible monsters within range! (Use Z to cast anyway.) Unknown command.
You can't see any susceptible monsters within range! (Use Z to cast anyway.) Unknown command.
No target in view!
No target in view!
You can't see any susceptible monsters within range! (Use Z to cast anyway.) Unknown command.
You can't see any susceptible monsters within range! (Use Z to cast anyway.) Unknown command.
You can't see any susceptible monsters within range! (Use Z to cast anyway.) Unknown command.
You can't see any susceptible monsters within range! (Use Z to cast anyway.) Unknown command.
No target in view!
No target in view!
You can't see any susceptible monsters within range! (Use Z to cast anyway.) Unknown command.
You can't see any susceptible monsters within range! (Use Z to cast anyway.) Unknown command.
You can't see any susceptible monsters within range! (Use Z to cast anyway.) Unknown command.
You can't see any susceptible monsters within range! (Use Z to cast anyway.) Unknown command.
There is an open door here.
You enter the shallow water.
Moving in this stuff is going to be slow.
You open the door.
Magic restored.
Found an escape hatch in the floor.
Unknown command.
There is an open door here.
Found a falchion.
Unknown command.
You enter the shallow water.
Moving in this stuff is going to be slow.
Found a gold piece.
Unknown command.
You see here a gold piece.
A ball python comes into view.
Found a stone staircase leading down.
The ball python hisses angrily.
Unknown command.
But you're not safe!
Unknown command.
Unknown command.
Unknown command.
Unknown command.
Unknown command.
Are you sure you want to abandon this character and quit the game? (Confirm with "yes".)

.$...#≈≈≈≈~.####..#
#.# ...>.#≈≈≈~~.#
##.# #.#
.....#≈≈≈~~.# #.# #.#
#...##≈≈≈~..# #.# #.#
#####≈≈≈~~.##
#.#####.# ≈≈ ≈≈≈≈~~.#
#.......# ≈≈≈
≈≈≈≈~~.###########..#
≈≈≈≈ ..>..S..# #..#
≈≈≈≈ ######@## #..##
≈≈ ~ , #.......#
#...# ≈ *#.#####.#
#.#.# ~ * #$# #.#.# ~
, * #.# #.#.# * , ,,
#.# ##.#.# , ,
,..#.###.###....#
#...........#..# ,
####.######...##


You could see a ball python.

Vanquished Creatures
  A hobgoblin (D:1)
  A ball python (D:1)
  2 bats (D:1)
  A rat (D:1)
5 creatures vanquished.

Notes
Turn   | Place    | Note
-------+----------+-------------------------------------------
     0 | D:1      | sentinel the Meteoran Earth Elementalist began the quest
                  | for the Orb.
     0 | D:1      | Reached XP level 1. HP: 14/14 MP: 5/5
    35 | D:1      | Reached skill level 4 in Earth Magic
    35 | D:1      | Reached XP level 2. HP: 20/20 MP: 1/6
   153 | D:1      | Quit the game

Illustrated notes

Levels and vault maps discovered:
D:1:      minmay_arrival_shoal_huts, layout_loops_ring

Skill      XL: |  1 |
---------------+----+-----
Earth Magic    | 4 |  4.1
Dodging        | |  2.4
Stealth        | |  1.4
Spellcasting   | |  2.6
Transmutations | |  1.2

Action                   || total
-------------------------++-------
Melee: Unarmed           ||     1
 Cast: Sandblast         ||     6
Armor: Robe              ||     2
Dodge: Dodged            ||     1
